 Dungeon Crawl Stone Soup version 0.30-a0-341-g682706514a (webtiles) character file.

Game seed: 15023638027096447886

102 IdlyInterested the Trooper (level 4, -7/35 HPs)
             Began as a Demonspawn Artificer on Nov 1, 2022.
             Killed by nerve-wracking pain
             ... invoked by Grinder
              (14 damage)
             ... on level 4 of the Dungeon.
             The game lasted 00:06:30 (2989 turns).

IdlyInterested the Trooper (Demonspawn Artificer)   Turns: 2989, Time: 00:06:31

Health: -7/35      AC: 10    Str: 15    XL:     4   Next: 50%
Magic:  4/4        EV:  6    Int: 12    God:
Gold:   132        SH:  0    Dex: 13    Spells: 3/3 levels left

rFire   . . .      SeeInvis .    k - +1 spear (venom)
rCold   . . .      Faith    .    (no shield)
rNeg    . . .      Spirit   .    l - +0 chain mail
rPois   .          Reflect  .    (helmet restricted)
rElec   .          Harm     .    (no cloak)
rCorr   .          Rampage  .    (no gloves)
Will    .....                    m - +0 pair of boots
Stlth   ..........               (no amulet)
HPRegen 0.25/turn                (no ring)
MPRegen 0.09/turn                (no ring)

@: mighty, attractive, studying Ice Magic
A: antennae 2, spiny 1
a: no special abilities


You were on level 4 of the Dungeon.
You visited 1 branch of the dungeon, and saw 4 of its levels.

You collected 132 gold pieces.

Inventory:

Hand Weapons
 k - a +1 spear of venom (weapon)
 q - a +0 long sword
Missiles
 r - 2 curare-tipped darts
Armour
 b - a +0 leather armour
 f - a +0 ring mail
 l - a +0 chain mail (worn)
 m - a +0 pair of boots (worn)
Wands
 c - a wand of flame (15) (quivered)
 d - a wand of charming (15)
 e - a wand of iceblast (5)
Scrolls
 o - 2 scrolls of vulnerability
 p - a scroll of blinking
Potions
 g - 2 potions of attraction
 h - 2 potions of might
 i - a potion of flight {unknown}
 j - a potion of lignification {unknown}
 n - a potion of curing


   Skills:
 * Level 3.5 Fighting
 - Level 3.0 Armour
 - Level 0.8 Dodging
 + Level 0.9 Stealth
 - Level 3.0 Evocations


You had 3 spell levels left.
You didn't know any spells.
Your spell library contained the following spells:

 Spells                   Type           Power      Damage    Failure   Level
 Ensorcelled Hibernation  Hex/Ice        0%         N/A       100%        2
 Spider Form              Tmut/Pois      0%         N/A       100%        3
 Anguish                  Hex/Necr       0%         N/A       100%        4


Dungeon Overview and Level Annotations

Branches:
Dungeon (4/15)
 Temple: D:4-7

Altars:
Ashenzari
Dithmenos
Fedhas
Gozag
Sif Muna

Shops:
D:2 =

Annotations:
D:4 Grinder


Innate Abilities, Weirdness & Mutations

You have a pair of antennae on your head.
You are partially covered in sharp spines.


Message History

As you read the scroll labelled OMNI QAEJEGE, it crumbles to dust.
Wisps of shadow whirl around you...
It was a scroll of summoning.
You drop a potion of degeneration.
Your surroundings suddenly seem different.
Grinder comes into view.
Found a silvery potion, 31 gold pieces and a scroll labelled COSKOJ XAI.
Grinder shouts!
Okay, then.
Grinder gestures at you. Pain shoots through your body!
Found 15 gold pieces.
You see here 17 gold pieces.
You hit Grinder.
Grinder is lightly wounded.
Grinder gestures at you. Pain shoots through your body!
You hit Grinder but do no damage.
Grinder is lightly wounded.
Grinder hits you but does no damage.
You barely miss Grinder.
Grinder is lightly wounded.
Grinder hits you but does no damage. Grinder is struck by your spines.
Grinder hits you.
* * * LOW HITPOINT WARNING * * *
It was a potion of attraction.
You feel attractive to monsters. Grinder hits you.
* * * LOW HITPOINT WARNING * * *
You writhe in agony.
* * * LOW HITPOINT WARNING * * *
It was a potion of might.
You feel very mighty all of a sudden. Grinder is struck by your spines.
Grinder hits you.
* * * LOW HITPOINT WARNING * * *
You writhe in agony.
* * * LOW HITPOINT WARNING * * *
It was a potion of curing.
You feel better. Grinder gestures at you. Pain shoots through your body!
You die...

#... #....
##..... ##.......
##$.......
##..?...... #
###..........
#..##..!.@5......
..........#......
.........## ...$.
........## ....
.......## ...
....... ..
....... . .......
......#


You could see Grinder.

Vanquished Creatures
  4 adders
  2 worms
  3 dart slugs
  4 orcs (D:3)
  8 ball pythons
  A bat (D:2)
  4 endoplasms
  2 giant cockroaches (D:3)
  5 goblins
  4 hobgoblins
  2 kobolds (D:3)
  2 quokkas
  4 frilled lizards
  4 rats
49 creatures vanquished.

Notes
Turn   | Place    | Note
-------+----------+-------------------------------------------
     0 | D:1      | IdlyInterested the Demonspawn Artificer began the quest for
                  | the Orb.
     0 | D:1      | Reached XP level 1. HP: 15/15 MP: 1/1
   250 | D:1      | Gained mutation: You have a pair of small antennae on your
                  | head. [demonic ancestry]
   250 | D:1      | Reached XP level 2. HP: 19/21 MP: 2/2
   476 | D:1      | You fall into a shaft and drop 1 floor!
  1315 | D:2      | Gained mutation: You are partially covered in sharp spines.
                  | [demonic ancestry]
  1315 | D:2      | Reached XP level 3. HP: 27/27 MP: 3/3
  1361 | D:2      | Found Touttargh's Jewellery Boutique.
  1683 | D:3      | Found an opulent altar of Gozag.
  1901 | D:3      | Found a broken altar of Ashenzari.
  1901 | D:3      | Found a blossoming altar of Fedhas.
  1901 | D:3      | Found a shimmering blue altar of Sif Muna.
  1937 | D:3      | Found a shadowy altar of Dithmenos.
  2233 | D:3      | Gained mutation: You have a pair of antennae on your head.
                  | [demonic ancestry]
  2233 | D:3      | Reached XP level 4. HP: 34/34 MP: 4/4
  2475 | D:3      | Found a faded altar of an unknown god.
  2981 | D:4      | Noticed Grinder
  2988 | D:4      | HP: 1/35 [Grinder (1)]
  2989 | D:4      | Killed from afar by Grinder

Illustrated notes

Levels and vault maps discovered:
D:1:      onia_arrival_mini_spirals, layout_loops_ring
D:2:      layout_basic, serial_shops, shop
D:3:      minmay_door_path, layout_loops_cross,
          nicolae_overflow_quartered_altars, grunt_gozag_breadcrumbs,
          nicolae_ecumenical_snake_handling, roderic_roman_lattice
D:4:      layout_cave_pods, minmay_temple_entry_enclosed_plants,
          corexii_item_surrounded_by_moat, uniq_grinder,
          uniq_crazy_yiuf_cottage, uniq_robin

Skill      XL: |  1  2  3  4 |
---------------+-------------+-----
Armour         | 2 3 |  3.0
Fighting       | 2 3 |  3.5
Dodging        | |  0.8
Stealth        | |  0.9
Evocations     | |  3.0

Action                   |  1- 3 |  4- 6 || total
-------------------------+-------+-------++-------
Melee: Club              |    55 |       ||    55
       Long sword        |    23 |       ||    23
       Punch             |     2 |       ||     2
       Spear             |    45 |    28 ||    73
  Use: Scroll            |     4 |     3 ||     7
       Potion            |       |     3 ||     3
Armor: Ring mail         |    19 |       ||    19
       Chain mail        |    53 |    16 ||    69
Dodge: Dodged            |    30 |     6 ||    36

Table legend: (Time is in decaauts)
 A = Elapsed time spent in this place.
 B = Non-inter-level travel time spent in this place.
 C = Inter-level travel time spent in this place.
 D = Time resting spent in this place.
 E = Time spent auto-exploring this place.
 F = Levels seen in this place.
 G = Mean time per level.
                   A        B        C        D        E       F      G
               +--------+--------+--------+--------+--------+-----+--------+
         Total |   3022 |   2639 |    383 |    218 |   1766 |   4 |  755.5 |
       Dungeon |   3022 |   2639 |    383 |    218 |   1766 |   4 |  755.5 |
               +--------+--------+--------+--------+--------+-----+--------+

Top non-repeatable levels by time:
     D:3: 1196 daAuts
     D:2: 964 daAuts
     D:1: 828 daAuts
     D:4: 33 daAuts
